 Dungeon Crawl Stone Soup version 0.28-a0-1117-g0bdd5ba030 (webtiles) character file.

Game seed: 9329336819521476320

143 Armakuni the Conjurer (level 5, 0/31 HPs)
             Began as an Octopode Conjurer on Dec 11, 2021.
             Succumbed to a scorpion's poison
             ... on level 3 of the Dungeon.
             The game lasted 00:06:44 (4250 turns).

Armakuni the Conjurer (Octopode Conjurer)           Turns: 4250, Time: 00:06:44

Health: 0/31       AC:  1    Str:  6    XL:     5   Next: 25%
Magic:  7/10       EV: 13    Int: 23    God:
Gold:   100        SH:  0    Dex: 10    Spells: 5/11 levels left

rFire   . . .      SeeInvis .   a - +2 quarterstaff (chaos)
rCold   . . .      Faith    .   (shield currently unavailable)
rNeg    . . .      Spirit   .   (helmet restricted)
rPois   .          Reflect  .   (no amulet)
rElec   .          Harm     .   (no ring)
rCorr   .          Rampage  .   (no ring)
Will    .....                   (no ring)
Stlth   +++.......              (no ring)
HPRegen 0.10/turn               (no ring)
MPRegen 0.12/turn               (no ring)
                                (no ring)
                                (no ring)

@: brilliant, lethally poisoned (0 -> -1), flying, invisible
A: almost no armour, amphibious, 8 rings, camouflage 1, gelatinous body 1,
(nimble swimmer 1), tentacles
a: no special abilities


You were on level 3 of the Dungeon.
You visited 1 branch of the dungeon, and saw 4 of its levels.

You collected 100 gold pieces.

Inventory:

Hand Weapons
 a - a +2 quarterstaff of chaos (weapon)
Missiles
 g - a throwing net
Jewellery
 b - an amulet of guardian spirit
 f - a ring of fire
 l - a +6 ring of intelligence
Wands
 k - a wand of charming (3)
Scrolls
 c - a scroll of immolation
 e - 2 scrolls of identify


   Skills:
 - Level 2.0 Dodging
 - Level 2.6 Stealth
 - Level 3.6 Spellcasting
 - Level 5.2 Conjurations
 + Level 0.6 Translocations


You had 5 spell levels left.
You knew the following spells:

 Your Spells              Type           Power      Damage    Failure   Level
m - Iskenderun's Mystic   Conj/Tloc      26%        2d7       32%         4
z - Searing Ray           Conj           84%        2d7       1%          2

Your spell library contained the following spells:

 Spells                   Type           Power      Damage    Failure   Level
 Magic Dart               Conj           100%       1d8       1%          1
 Dazzling Flash           Conj/Hex       48%        N/A       11%         3
 Fulminant Prism          Conj/Hex       12%        3d9       36%         4


Dungeon Overview and Level Annotations

Branches:
Dungeon (4/15)
 Temple: D:4-7

Altars:

Shops:
D:2 [


Innate Abilities, Weirdness & Mutations

You cannot wear most types of armour.
You are amphibious.
You can wear up to eight rings at the same time.
Your skin changes colour to match your surroundings (Stealth+).
Your rubbery body absorbs attacks. (AC +1, EV +1)
((You are camouflaged near water. (Stealth+)))
You have tentacles for arms and can constrict up to eight enemies at once.


Message History

The adder bites you.
* * * LOW HITPOINT WARNING * * *
* * * LOW HITPOINT WARNING * * *
You feel sick.
It was a potion of invisibility.
You fade into invisibility!
* * * LOW HITPOINT WARNING * * *
You feel sick. The adder misses you. x2
It was a potion of flight.
You feel very buoyant.
You fly up into the air.
* * * LOW HITPOINT WARNING * * *
You feel sick. The adder closely misses you.
It was a potion of brilliance.
You feel clever all of a sudden.
* * * LOW HITPOINT WARNING * * *
You feel sick. The adder barely misses you.
Casting: Searing Ray (safe; 1% risk of failure)
Confirm with . or Enter, or press ? or * to list all spells.
The spell is extremely dangerous to miscast (34% risk of failure)!
Continue anyway?
You feel a surge of power!
You erupt in a blast of force!
The mystic blast hits the scorpion.
The scorpion is lightly wounded.
The scorpion is knocked back by the mystic blast.
The mystic blast hits the ball python!
You kill the ball python!
The mystic blast hits the adder.
The adder is severely wounded.
The adder is knocked back by the mystic blast.
The adder slams into the rock wall!
You kill the adder!
* * * LOW HITPOINT WARNING * * *
You feel sick.
You aren't carrying any potions.
Okay, then.
* * * LOW HITPOINT WARNING * * *
You feel sick.
* * * LOW HITPOINT WARNING * * *
You feel sick.
You die...

......########...................
.................##..............
......#############..............
......# ##...............
......######## #.........<......
####.).....s.####.#....>.........
#####........##..................
......>.....s##..##..............
..###########...@....#...........
...#### ##....####.##..........
#.....#####...#####..#######.####
#................##.## #..#
................###.# ##.#
................##..### #.#
...###..##............#######.#
.......#...######..#........#.#
.........#.######.##........#.#


You could see a scorpion (wandering).

Vanquished Creatures
  Crazy Yiuf (D:2)
  Ijyb (D:3)
  3 adders
  A worm (D:2)
  A dart slug (D:2)
  7 endoplasms
  2 giant cockroaches (D:1)
  6 goblins
  4 hobgoblins
  4 jackals (D:2)
  5 quokkas
  7 ball pythons
  3 bats
  A frilled lizard (D:2)
  4 kobolds
  6 rats
56 creatures vanquished.

Vanquished Creatures (others)
  A fungus (D:1)
1 creature vanquished.

Grand Total: 57 creatures vanquished

Notes
Turn   | Place    | Note
-------+----------+-------------------------------------------
     0 | D:1      | Armakuni the Octopode Conjurer began the quest for the Orb.
     0 | D:1      | Reached XP level 1. HP: 11/11 MP: 3/3
   556 | D:1      | Reached XP level 2. HP: 17/17 MP: 3/5
   563 | D:1      | Learned a level 2 spell: Searing Ray
  1716 | D:1      | Reached XP level 3. HP: 21/21 MP: 1/6
  2232 | D:2      | Found a runed translucent door.
  2233 | D:2      | Noticed Crazy Yiuf
  2240 | D:2      | Killed Crazy Yiuf
  2326 | D:2      | Reached XP level 4. HP: 27/27 MP: 2/8
  2510 | D:2      | Found Epsol's Armour Boutique.
  2814 | D:2      | Reached skill level 5 in Conjurations
  3810 | D:3      | Noticed Ijyb
  3817 | D:3      | Killed Ijyb
  3818 | D:3      | Reached XP level 5. HP: 30/31 MP: 1/10
  3974 | D:3      | Learned a level 4 spell: Iskenderun's Mystic Blast
  4249 | D:3      | HP: 1/31 [poisoned by a scorpion]
  4250 | D:3      | Succumbed to a scorpion's poison

Illustrated notes

Levels and vault maps discovered:
D:1:      dpeg_cavernosity, layout_rooms, roderic_lattice_a, nrook_mini_vaults
D:2:      layout_basic, serial_shops, shop, minmay_statues_item,
          uniq_crazy_yiuf_cottage
D:3:      layout_rooms, chequers_avenue, uniq_ijyb
D:4:      layout_cave_pods, minmay_temple_entry_drinking_statues, serial_shops,
          nicolae_square_shop, guppyfry_early_orc_mine

Skill      XL: |  1  2  3  4 |
---------------+-------------+-----
Spellcasting   | 3 |  3.6
Conjurations   | 5 |  5.2
Dodging        | |  2.0
Stealth        | |  2.6
Translocations | |  0.6

Action                   |  1- 3 |  4- 6 || total
-------------------------+-------+-------++-------
Melee: Unarmed           |    34 |       ||    34
       Constrict         |     4 |     3 ||     7
       Tentacles         |     4 |       ||     4
       Quarterstaff      |       |     8 ||     8
 Cast: Magic Dart        |    13 |       ||    13
       Searing Ray       |    20 |    23 ||    43
       Iskenderun's Myst |       |     1 ||     1
  Use: Scroll            |       |     5 ||     5
       Potion            |       |     3 ||     3
 Stab: Sleeping          |     1 |     1 ||     2
Armor: Skin              |     8 |       ||     8
Dodge: Dodged            |    37 |    22 ||    59

Table legend: (Time is in decaauts)
 A = Elapsed time spent in this place.
 B = Non-inter-level travel time spent in this place.
 C = Inter-level travel time spent in this place.
 D = Time resting spent in this place.
 E = Time spent auto-exploring this place.
 F = Levels seen in this place.
 G = Mean time per level.
                   A        B        C        D        E       F      G
               +--------+--------+--------+--------+--------+-----+--------+
         Total |   4251 |   4150 |    101 |   1284 |   2330 |   4 | 1062.8 |
       Dungeon |   4251 |   4150 |    101 |   1284 |   2330 |   4 | 1062.8 |
               +--------+--------+--------+--------+--------+-----+--------+

Top non-repeatable levels by time:
     D:1: 2088 daAuts
     D:2: 1359 daAuts
     D:3: 799 daAuts
     D:4: 5 daAuts
